 Dungeon Crawl Stone Soup version 0.17-a0-1920-gafa4d75 (webtiles) character file.

36915 hexophile the Fencer (level 13, 0/116 HPs)
             Began as a Minotaur Berserker on Sept 27, 2015.
             Was a High Priest of Trog.
             Slain by a wraith (1 damage)
             ... led by Josephine
             ... on level 2 of the Orcish Mines.
             The game lasted 00:42:09 (20682 turns).

hexophile the Fencer (Minotaur Berserker)          Turns: 20682, Time: 00:42:09

Health: 0/116      AC: 15    Str: 22      XL:     13   Next: 55%
Magic:  12/12      EV: 17    Int:  0 (4)  God:    Trog [*****.]
Gold:   1860       SH:  0    Dex: 15      Spells: 0 memorised, 12 levels left

rFire  + . .     SeeInvis +     L - +1 scimitar (slice)
rCold  + . .     Clarity  +     A - +4 ring mail of the Imp {rC+}
rNeg   . . .     SustAt   .     (no shield)
rPois  .         Gourm    .     (helmet restricted)
rElec  .         Spirit   .     a - +1 cloak
rCorr  .         Warding  .     K - +0 pair of gloves (curse)
rMut   .         Stasis   .     (no boots)
MR     ++...                    h - amulet of clarity
Stlth  +.........               V - ring of see invisible
                                b - ring of protection from fire

@: regenerating, slowed, lost intelligence, studying Maces & Flails, very slow,
very resistant to hostile enchantments, very unstealthy
A: retaliatory headbutt, horns 2
a: Burn Spellbooks, Berserk, Trog's Hand, Brothers in Arms, Renounce Religion


You were on level 2 of the Orcish Mines.
You worshipped Trog.
Trog was extremely pleased with you.
You were not hungry.

You visited 3 branches of the dungeon, and saw 20 of its levels.
You also visited: Ice Cave.

You collected 1860 gold pieces.


Innate Abilities, Weirdness & Mutations

You reflexively headbutt those who attack you in melee.
You have a pair of horns on your head.

Inventory:

Hand weapons
 D - a +2 falchion of holy wrath
 L - a +1 scimitar of slicing (weapon)
Missiles
 y - 4 throwing nets (quivered)
Armour
 a - a +1 cloak (worn)
 A - the +4 ring mail of the Imp (worn) {rC+}
   (You found it on level 4 of the Dungeon)

   It protects you from cold.
 K - a cursed +0 pair of gloves (worn)
Jewellery
 b - a ring of protection from fire (left hand)
 d - an uncursed ring of protection from cold
 h - an amulet of clarity (around neck)
 v - an uncursed ring of positive energy
 V - a ring of see invisible (right hand)
Magical devices
 q - a wand of slowing (43)
 H - a wand of fireball (9)
 I - a wand of paralysis (16)
 M - a wand of lightning (5)
 Q - a wand of disintegration (18)
 T - a wand of cold (3)
 W - a wand of fire (7)
 X - a wand of cold (3)
 Z - a wand of disintegration (4)
Scrolls
 g - 5 scrolls of recharging
 n - a scroll of silence
 t - 2 scrolls of enchant armour
 u - 5 scrolls of identify
 x - 9 scrolls of remove curse
 C - 5 scrolls of teleportation
 F - a scroll of enchant weapon
 J - 2 scrolls of blinking
 P - a scroll of vulnerability {unknown}
Potions
 e - 5 potions of curing
 i - 4 potions of agility
 k - 2 potions of might
 l - 4 potions of heal wounds
 m - a potion of flight
 o - 2 potions of magic
 r - a potion of lignification
 E - 4 potions of brilliance
Books
 j - a book of Minor Magic

   Spells                             Type                      Level
   a - Magic Dart                     Conjuration                  1
   b - Blink                          Translocation                2
   c - Call Imp                       Summoning                    2
   d - Repel Missiles                 Charms/Air                   2
   e - Slow                           Hexes                        2
   f - Conjure Flame                  Conjuration/Fire             3
   g - Mephitic Cloud                 Conjuration/Poison/Air       3
   Trog disapproves of the use of such an item.
 w - a book of Necromancy

   Spells                             Type                      Level
   a - Pain                           Necromancy                   1
   b - Animate Skeleton               Necromancy                   1
   c - Vampiric Draining              Necromancy                   3
   d - Regeneration                   Charms/Necromancy            3
   e - Animate Dead                   Necromancy                   4
   f - Control Undead                 Necromancy                   4
   Trog disapproves of the use of such an item.
 G - a book of Burglary

   Spells                             Type                      Level
   a - Swiftness                      Charms/Air                   2
   b - Passwall                       Transmutation/Earth          3
   c - Passage of Golubria            Translocation                4
   d - Lee's Rapid Deconstruction     Earth                        5
   e - Darkness                       Hexes                        6
   f - Invisibility                   Hexes                        6
   Trog disapproves of the use of such an item.
 N - a manual of Maces & Flails
 O - a Necronomicon

   Spells                             Type                      Level
   a - Haunt                          Necromancy/Summoning         7
   b - Borgnjor's Revivification      Necromancy                   8
   c - Death's Door                   Charms/Necromancy            8
   d - Necromutation                  Transmutation/Necromancy     8
   Trog disapproves of the use of such an item.
 U - a book of Ice

   Spells                             Type                      Level
   a - Ice Form                       Ice/Transmutation            4
   b - Metabolic Englaciation         Hexes/Ice                    5
   c - Ozocubu's Refrigeration        Ice                          6
   d - Bolt of Cold                   Conjuration/Ice              6
   e - Freezing Cloud                 Conjuration/Ice/Air          6
   f - Simulacrum                     Ice/Necromancy               6
   Trog disapproves of the use of such an item.
Miscellaneous
 S - a lamp of fire
Comestibles
 c - 9 bread rations
 f - 8 meat rations


You had 12 spell levels left.
You didn't know any spells.


   Skills:
 * Level 11.1 Fighting
 - Level 19.6 Long Blades
 * Level 7.4 Maces & Flails
 * Level 10.5 Armour
 * Level 9.6 Dodging

Dungeon Overview and Level Annotations

Branches:
Dungeon (12/15)            Temple (0/1) D:6            Lair (6/8) D:9
 Shoals (0/4) Lair:5        Snake (0/4) Lair:4          Orc (2/4) D:12
  Slime: Lair:6-8

Altars:
Cheibriados
Elyvilon
Fedhas
Gozag
Kikubaaqudgha
Makhleb
Okawaru
Sif Muna
The Shining One
Beogh

Shops:
D:6 }   D:12 ?

Annotations:
Lair:1 exclusion: oklob plant
Lair:4 exclusion: oklob plant
Orc:2 Josephine

Vault maps used:
D:1:      onia_arrival_pyramid
D:2:      ecumenical_altar_2, first_bread, dk_vineyard_2
D:3:      uniq_iyjb, uniq_robin
D:5:      kennysheep_generic_room_12
D:6:      minmay_temple_entry_grid, serial_shops, shop, led_sif_book,
          uniq_pikel, uniq_grinder
D:8:      lemuel_round_altar, grunt_temple_overflow_open, uniq_erolcha,
          uniq_maurice
D:9:      grunt_temple_overflow_growth_and_decay, cheibriados_altar_wand_db,
          makhleb_grotto_becter, erik_lair_island, david_nohive_1
D:10:     uniq_maud
D:12:     david_orc_2, serial_shops, nicolae_shop_behind_doors, special_room,
          minmay_misc_feat_encased, hangedman_abyss_or_decor_passed, uniq_psyche
Lair:1:   minmay_lair_oklob_bushes, serial_bayou_shore_a,
          infiniplex_staircase_pool_2, grunt_megastairs_3
Lair:2:   portal_ice_cave_entry_ice_beasts, serial_bayou_pond_e
Lair:3:   minivault_24
Lair:4:   minmay_snake_entry_guardpost_medium, lemuel_oklob_altar
Lair:5:   shoals_dummy_entry, minmay_lair_drake_nest
Lair:6:   minmay_slime_entry_oklob_enclosed, st_stairs_13, beast_lair_carwin_5,
          grunt_megastairs_2
Orc:1:    basic_altar
Orc:2:    uniq_snorg, uniq_josephine, uniq_nergalle
IceCv:    ice_cave_caverns_02

Vault maps used:
D:1:      onia_arrival_pyramid
D:2:      ecumenical_altar_2, first_bread, dk_vineyard_2
D:3:      uniq_iyjb, uniq_robin
D:5:      kennysheep_generic_room_12
D:6:      minmay_temple_entry_grid, serial_shops, shop, led_sif_book,
          uniq_pikel, uniq_grinder
D:8:      lemuel_round_altar, grunt_temple_overflow_open, uniq_erolcha,
          uniq_maurice
D:9:      grunt_temple_overflow_growth_and_decay, cheibriados_altar_wand_db,
          makhleb_grotto_becter, erik_lair_island, david_nohive_1
D:10:     uniq_maud
D:12:     david_orc_2, serial_shops, nicolae_shop_behind_doors, special_room,
          minmay_misc_feat_encased, hangedman_abyss_or_decor_passed, uniq_psyche
Lair:1:   minmay_lair_oklob_bushes, serial_bayou_shore_a,
          infiniplex_staircase_pool_2, grunt_megastairs_3
Lair:2:   portal_ice_cave_entry_ice_beasts, serial_bayou_pond_e
Lair:3:   minivault_24
Lair:4:   minmay_snake_entry_guardpost_medium, lemuel_oklob_altar
Lair:5:   shoals_dummy_entry, minmay_lair_drake_nest
Lair:6:   minmay_slime_entry_oklob_enclosed, st_stairs_13, beast_lair_carwin_5,
          grunt_megastairs_2
Orc:1:    basic_altar
Orc:2:    uniq_snorg, uniq_josephine, uniq_nergalle
IceCv:    ice_cave_caverns_02
You       could see Josephine, 2 wraiths, 2 orc warriors, 4 orc priests, an orc
          wizard and 8 orcs.


Message History

Josephine hits you but does no damage. The orc wizard misses you.
The orc barely misses you. The orc priest hits you with a flail.
An orc comes into view. It is wielding a dagger.
The orc misses you. You furiously retaliate!
You headbutt the orc. The orc completely misses you.
The orc priest casts a cantrip, but nothing happens.
The orc barely misses you. Josephine hits you but does no damage.
The orc barely misses you.
Things that are here:
a hand axe; an orc corpse; an orc corpse You hit the orc.
You kill the orc!
Trog accepts your kill. The orc warrior closely misses you.
The orc priest miscasts a cantrip.
The orc misses you. Josephine hits you but does no damage.
The orc hits you but does no damage. x2
You slice the orc!!
You kill the orc!
Trog accepts your kill. The wraith barely misses you.
The orc warrior hits you but does no damage.
The orc closely misses you.
The orc priest casts a cantrip, but nothing happens.
Josephine misses you. You furiously retaliate!
You headbutt Josephine. The orc closely misses you. You furiously retaliate!
You headbutt the orc!
You kill the orc!
Trog accepts your kill. The orc closely misses you.
The wraith closely misses you. You furiously retaliate!
You headbutt the wraith, but do no damage.
You barely miss Josephine. You headbutt Josephine! The orc barely misses you.
You furiously retaliate!
You headbutt the orc.
You kill the orc!
Trog accepts your kill.
The orc warrior hits you with a flail of protection!
The orc closely misses you. You furiously retaliate!
You headbutt the orc.
The orc priest invokes the aid of Beogh against you.
Something smites you!
* * * LOW HITPOINT WARNING * * *
The orc closely misses you. The orc priest completely misses you.
Josephine grins malevolently.
Josephine hits you with a dagger of holy wrath!
* * * LOW HITPOINT WARNING * * *
The orc completely misses you. The wraith closely misses you.
An orc comes into view. It is wielding a club.
You are too injured to fight recklessly!
You are too injured to fight recklessly!
You are too injured to fight recklessly!
You are too injured to fight recklessly!
You're too hungry to go berserk.
Eat which item? (? for menu, Esc to quit)
You feel the effects of Trog's Hand fading.
The orc shouts!
The orc hits you but does no damage.
The orc warrior hits you but does no damage.
The wraith hits you.
* * * LOW HITPOINT WARNING * * *
The wraith drains your vigour!
You feel yourself slow down.
* * * LOW HITPOINT WARNING * * *
The orc closely misses you. The orc priest misses you.
Josephine is infused with unholy energy.
* * * LOW HITPOINT WARNING * * *
Josephine draws life force from you and is healed!
The orc closely misses you. The wraith barely misses you. The orc misses you.
The wraith misses you. You furiously retaliate!
You headbutt the wraith, but do no damage.
You continue eating.
The orc shouts!
Josephine is infused with unholy energy.
* * * LOW HITPOINT WARNING * * *
Josephine draws life force from you and is healed!
The orc priest looks braver for a moment.
The orc warrior completely misses you. You furiously retaliate!
You headbutt the orc warrior, but do no damage.
The orc barely misses you. You furiously retaliate!
You headbutt the orc!
You kill the orc!
Trog accepts your kill. The orc closely misses you.
The wraith closely misses you. The orc barely misses you.
You furiously retaliate!
You headbutt the orc, but do no damage. The wraith barely misses you.
The orc priest looks braver for a moment.
Josephine misses you. The orc warrior closely misses you.
The wraith hits you but does no damage.
You continue eating.
The orc barely misses you.
The orc priest calls upon Beogh to heal the orc.
The orc's wounds heal themselves!
The orc misses you.
The orc priest invokes the aid of Beogh against you.
Something smites you!
* * * LOW HITPOINT WARNING * * *
The wraith hits you but does no damage. The orc priest misses you.
You furiously retaliate!
You headbutt the orc priest.
Josephine hits you with a dagger of holy wrath.
* * * LOW HITPOINT WARNING * * *
The wraith closely misses you. The orc warrior barely misses you.
The orc priest miscasts a cantrip.
The orc hits you but does no damage. The orc closely misses you.
You furiously retaliate!
You headbutt the orc. The wraith hits you.
You die...

Action                   |  1- 3 |  4- 6 |  7- 9 | 10-12 | 13-15 || total
-------------------------+-------+-------+-------+-------+-------++-------
Melee: Falchion          |   102 |    71 |     7 |       |       ||   180
       Scimitar          |       |    69 |   181 |   800 |   293 ||  1343
Invok: Trog's Hand       |       |     2 |     4 |    24 |     6 ||    36
       Berserk           |       |       |     3 |     9 |     3 ||    15
       Brothers in Arms  |       |       |       |       |     1 ||     1
 Abil: Breathe Fire      |       |       |       |     7 |       ||     7
Evoke: Wand              |       |       |       |       |     4 ||     4
  Use: Scroll            |       |    10 |     1 |     8 |     8 ||    27
       Potion            |       |       |       |    10 |    10 ||    20
 Stab: Sleeping          |       |       |       |     2 |       ||     2
       Distracted        |       |       |       |     1 |       ||     1
  Eat: Chunk             |     1 |     6 |     6 |    17 |     6 ||    36
       Fruit             |       |       |     5 |    13 |       ||    18
       Beef jerky        |       |       |     1 |       |     1 ||     2
       Royal jelly       |       |       |       |     8 |     1 ||     9
       Bread ration      |       |       |       |     1 |     3 ||     4

Notes
Turn   | Place    | Note
--------------------------------------------------------------
     0 | D:1      | hexophile the Minotaur Berserker began the quest for the Orb.
     0 | D:1      | Reached XP level 1. HP: 19/19 MP: 0/0
   112 | D:1      | Reached skill level 4 in Long Blades
   188 | D:1      | Reached XP level 2. HP: 26/26 MP: 1/1
   273 | D:1      | Acquired Trog's second power
   370 | D:1      | Reached skill level 5 in Long Blades
   578 | D:1      | Reached XP level 3. HP: 31/31 MP: 2/2
  1140 | D:2      | Reached XP level 4. HP: 32/39 MP: 3/3
  1142 | D:2      | Found a faded altar to an unknown god.
  1177 | D:2      | Reached skill level 6 in Long Blades
  1635 | D:3      | Noticed Ijyb
  1642 | D:3      | Killed Ijyb
  1745 | D:3      | Noticed Robin
  1773 | D:3      | Killed Robin
  1773 | D:3      | Reached skill level 7 in Long Blades
  1773 | D:3      | Reached XP level 5. HP: 41/45 MP: 4/4
  2473 | D:4      | Reached skill level 8 in Long Blades
  2573 | D:4      | Got a topaz-encrusted ring mail
  2581 | D:4      | Identified the +4 ring mail of the Imp {rC+} (You found it on level 4 of the Dungeon)
  2621 | D:4      | Reached XP level 6. HP: 47/51 MP: 5/5
  2672 | D:4      | Acquired Trog's third power
  2726 | D:4      | You fall through a shaft!
  2726 | D:5      | Entered Level 5 of the Dungeon
  2804 | D:5      | Reached skill level 9 in Long Blades
  3090 | D:5      | Reached XP level 7. HP: 40/57 MP: 6/6
  3151 | D:5      | Reached skill level 10 in Long Blades
  3706 | D:6      | Reached skill level 11 in Long Blades
  3767 | D:6      | Noticed Pikaro's ghost (experienced DrTm)
  3779 | D:6      | Killed Pikaro's ghost
  3779 | D:6      | Reached skill level 12 in Long Blades
  3779 | D:6      | Reached XP level 8. HP: 64/64 MP: 7/7
  3793 | D:6      | Noticed Pikel
  3815 | D:6      | Killed Pikel
  3815 | D:6      | Reached skill level 13 in Long Blades
  3829 | D:6      | Found Deudaxom's Gadget Shop.
  3980 | D:6      | Found a deep blue altar of Sif Muna.
  4084 | D:6      | Found a staircase to the Ecumenical Temple.
  4085 | D:6      | Noticed Grinder
  4085 | D:6      | Paralysed by Grinder for 6 turns
  4098 | D:6      | Killed Grinder
  4098 | D:6      | Reached XP level 9. HP: 70/70 MP: 8/8
  4116 | D:6      | Reached skill level 14 in Long Blades
  5244 | D:8      | Reached skill level 15 in Long Blades
  5315 | D:8      | Noticed Maurice
  5330 | D:8      | Killed Maurice
  5348 | D:8      | Found an opulent altar of Gozag.
  5351 | D:8      | Found an iron altar of Okawaru.
  5353 | D:8      | Found a glowing golden altar of the Shining One.
  5514 | D:8      | Noticed Erolcha
  5521 | D:8      | Killed Erolcha
  5521 | D:8      | Reached skill level 16 in Long Blades
  5521 | D:8      | Reached XP level 10. HP: 72/77 MP: 9/9
  5526 | D:8      | Found a white marble altar of Elyvilon.
  5718 | D:9      | Reached skill level 17 in Long Blades
  6026 | D:9      | HP: 13/77 [queen bee (12)]
  6031 | D:9      | HP: 16/115 [poisoned by a queen bee]
  6036 | D:9      | HP: 14/115 [poisoned by a queen bee]
  6041 | D:9      | HP: 9/77 [poisoned by a queen bee]
  6748 | D:9      | HP: 15/77 [electric eel/bolt of electricity (11)]
  6749 | D:9      | HP: 5/77 [electric eel/bolt of electricity (4)]
  7020 | D:9      | Found a snail-covered altar of Cheibriados.
  7083 | D:9      | Reached skill level 18 in Long Blades
  7372 | D:9      | HP: 15/77 [poisoned by a killer bee]
  7377 | D:9      | HP: 13/77 [poisoned by a killer bee]
  7382 | D:9      | HP: 12/77 [poisoned by a killer bee]
  7389 | D:9      | HP: 12/77 [poisoned by a killer bee]
  7397 | D:9      | HP: 11/77 [poisoned by a killer bee]
  7757 | D:9      | Found an ancient bone altar of Kikubaaqudgha.
  7760 | D:9      | Found a blossoming altar of Fedhas.
  7875 | D:9      | Found a staircase to the Lair.
  8849 | D:9      | Found a burning altar of Makhleb.
  8884 | D:10     | Entered Level 10 of the Dungeon
  8915 | D:10     | Noticed Maud
  8935 | D:10     | Killed Maud
  8935 | D:10     | Reached skill level 19 in Long Blades
  8935 | D:10     | Reached XP level 11. HP: 43/82 MP: 10/10
  9306 | D:10     | Noticed a hill giant
  9312 | D:10     | Killed a hill giant
 10071 | D:11     | Noticed a hill giant
 10076 | D:11     | Killed a hill giant
 10558 | D:11     | Reached skill level 5 in Fighting
 10668 | D:11     | HP: 13/88 [poisoned by a green ugly thing]
 11855 | Lair:1   | Entered Level 1 of the Lair of Beasts
 11931 | Lair:1   | Reached skill level 5 in Armour
 12067 | Lair:1   | Reached skill level 5 in Dodging
 12545 | Lair:1   | Reached XP level 12. HP: 79/97 MP: 11/11
 13255 | Lair:2   | Found a frozen archway.
 13298 | IceCv    | Entered an ice cave
 13933 | IceCv    | Gained mutation: You can breathe flames. [potion of beneficial mutation]
 14699 | IceCv    | HP: 15/101 [something (7)]
 14701 | IceCv    | HP: 7/101 [something (3)]
 16290 | IceCv    | Noticed a frost giant
 16303 | IceCv    | Killed a frost giant
 16322 | IceCv    | Reached skill level 10 in Fighting
 16681 | Lair:2   | Reached skill level 1 in Maces & Flails
 16681 | Lair:2   | Reached XP level 13. HP: 113/113 MP: 12/12
 18066 | Lair:4   | Found a staircase to the Snake Pit.
 18128 | Lair:4   | Found a white marble altar of Elyvilon.
 18184 | Lair:4   | Reached skill level 5 in Maces & Flails
 18511 | Lair:5   | Reached skill level 10 in Armour
 18916 | Lair:5   | Found a staircase to the Shoals.
 19293 | D:12     | Noticed Psyche
 19302 | D:12     | Killed Psyche
 19565 | D:12     | Lost mutation: You can breathe flames. [potion of cure mutation]
 19571 | D:12     | Lost intelligence.
 19631 | D:12     | Lost intelligence.
 19925 | D:12     | Found a staircase to the Orcish Mines.
 20175 | D:12     | Found Qacyth's Magic Scroll Emporium.
 20205 | Orc:1    | Entered Level 1 of the Orcish Mines
 20237 | Orc:1    | Found a roughly hewn altar of Beogh.
 20665 | Orc:2    | Noticed Josephine
 20672 | Orc:2    | Received a gift from Trog
 20680 | Orc:2    | HP: 23/116 [wraith[Josephine] (1)]
 20682 | Orc:2    | HP: 4/116 [orc priest/divine providence (11)]
 20682 | Orc:2    | HP: 1/116 [Josephine/dagger of holy wrath (3)]
 20682 | Orc:2    | Slain by a wraith

Table legend:
 A = Turns spent in this place as a percentage of turns spent in the entire game.
 B = Non-inter-level travel turns spent in this place as a percentage of non-inter-level travel turns spent in the entire game.
 C = Inter-level travel turns spent in this place as a percentage of turns spent in this place.
 D = Turns resting spent in this place as a percentage of non-inter-level travel turns spent in this place.
 E = Turns spent auto-exploring this place as a percentage of non-inter-level travel turns spent in this place.
 F = Non-inter-level travel turns spent in this place divided by the number of levels of this place that you've seen.
                   A       B       C       D       E      F
               +-------+-------+-------+-------+-------+----------------------
         Total | 100.0 | 100.0 |   0.3 |   5.2 |   7.0 | 285.9
       Dungeon |  64.6 |  64.6 |   0.3 |   4.2 |   7.3 | 323.0
          Lair |  19.6 |  19.6 |   0.5 |   3.1 |   9.2 | 195.8
  Orcish Mines |   3.2 |   3.2 |   0.5 |   2.1 |  15.8 |  95.0
      Ice Cave |  12.7 |  12.7 |   0.0 |  14.3 |   0.0 | 762.0
               +-------+-------+-------+-------+-------+----------------------

Table legend:
 A = Kills in this place as a percentage of kills in entire the game.
 B = Kills by you in this place as a percentage of kills by you in the entire game.
 C = Kills by friends in this place as a percentage of kills by friends in the entire game.
 D = Other kills in this place as a percentage of other kills in the entire game.
 E = Experience gained in this place as a percentage of experience gained in the entire game.
 F = Experience gained in this place divided by the number of levels of this place that you have seen.
                   A       B       C       D       E      F
               +-------+-------+-------+-------+-------+----------------------
         Total | 100.0 | 100.0 | 100.0 |  -nan | 100.0 | 2511.2
       Dungeon |  64.6 |  65.7 |   0.0 |  -nan |  40.6 | 1784.1
          Lair |  17.4 |  16.5 |  66.7 |  -nan |  31.8 | 2798.7
  Orcish Mines |   8.8 |   9.0 |   0.0 |  -nan |   2.6 | 689.0
      Ice Cave |   9.2 |   8.8 |  33.3 |  -nan |  24.9 | 13157.0
               +-------+-------+-------+-------+-------+----------------------

Vanquished Creatures
  Maud (D:10)
  A frost giant (IceCv)
  Erolcha (D:8)
  A hydra (Lair:5)
  2 death yaks (IceCv)
  A fire crab (Lair:5)
  An ice statue (IceCv)
  Pikel (D:6)
  2 hill giants
  The ghost of Pikaro the Grappler, an experienced DrTm of Ru (D:6)
  An ugly thing (D:11)
  Maurice (D:8)
  A cyclops (D:11)
  A gargoyle (D:11)
  Psyche (D:12)
  4 spiny frogs
  4 black mambas
  4 komodo dragons
  2 fire drakes (Lair:5)
  4 trolls
  15 polar bears (IceCv)
  A queen bee (D:9)
  A slime creature (D:11)
  Grinder (D:6)
  A trapdoor spider zombie (D:7)
  13 blink frogs
  A two-headed ogre (D:11)
  23 yaks
  A wyvern (D:9)
  2 wraiths
  5 hippogriffs
  17 wolves
  A warg (Orc:1)
  A basilisk (Lair:2)
  3 nagas (Lair:4)
  5 water moccasins
  A mottled dragon (D:12)
  3 porcupines (Lair:1)
  9 ice beasts
  A slave (D:6)
  2 phantoms
  7 orc warriors
  5 sky beasts
  4 ogres
  A black bear (D:11)
  A necrophage (D:11)
  A wasp (D:6)
  4 crocodiles
  3 centaurs
  A brain worm (D:11)
  11 giant frogs
  A scorpion (D:9)
  33 killer bees
  5 electric eels (D:9)
  4 giant frog zombies
  11 hounds
  5 jellies
  2 giant frog skeletons
  An iron imp (D:9)
  5 crimson imps
  11 orc priests
  A quasit (D:9)
  Ijyb (D:3)
  8 orc wizards
  9 worker ants
  6 iguanas
  A killer bee zombie (D:5)
  A hound zombie (D:8)
  A hound skeleton (D:5)
  4 worker ant zombies
  Robin (D:3)
  A gnoll (D:9)
  10 adders
  2 shadow imps
  13 river rats
  An adder skeleton (D:8)
  3 worms
  6 giant geckos
  93 orcs
  10 bats
  2 giant cockroaches
  13 goblins
  12 hobgoblins
  12 jackals
  9 kobolds
  3 ball pythons
  A giant gecko zombie (D:5)
  5 giant newts
  A jackal zombie (D:5)
  3 quokkas
  A quokka zombie (D:7)
  11 rats
503 creatures vanquished.

Vanquished Creatures (collateral kills)
  A polar bear (IceCv)
  2 blink frogs (Lair:4)
  2 wolves (IceCv)
  4 river rats (Lair:4)
9 creatures vanquished.

Vanquished Creatures (others)
  2 yaks (IceCv)
  A slave (D:6)
  A wolf (IceCv)
  An iguana (D:6)
  An ooze (D:6)
  An orc (Orc:2)
  A jackal (D:9)
  A quokka (D:6)
  A fungus (Lair:2)
  5 plants
15 creatures vanquished.

Grand Total: 527 creatures vanquished
